 Dungeon Crawl Stone Soup version 0.20-a0-513-g02c11fc (webtiles) character file.

207 mopl the Slasher (level 5, -11/41 HPs)
             Began as a Barachian Fighter on Jan 23, 2017.
             Killed from afar by Duffy's ghost (19 damage)
             ... with an orb of energy
             ... on level 3 of the Dungeon.
             The game lasted 00:03:44 (3399 turns).

mopl the Slasher (Barachian Fighter)                Turns: 3399, Time: 00:03:45

Health: -11/41     AC:  8    Str: 15    XL:     5   Next: 85%
Magic:  5/5        EV:  6    Int:  6    God:
Gold:   90         SH:  8    Dex: 11    Spells: 4/4 levels left

rFire    . . .     SeeInvis .   a - +0 long sword
rCold    . . .     Gourm    .   b - +0 scale mail
rNeg     . . .     Faith    .   c - +0 shield
rPois    .         Spirit   .   k - +0 helmet
rElec    .         Reflect  .   (no cloak)
rCorr    .         Harm     .   (no gloves)
MR       .....                  l - +0 pair of boots
Stlth    ..........             (no amulet)
Regen    0.2/turn               (no ring)
                                (no ring)

@: drained, slow
A: swims, slowness 1, strong legs 1
a: Hop


You were on level 3 of the Dungeon.
You were not hungry.

You visited 1 branch of the dungeon, and saw 3 of its levels.

You collected 90 gold pieces.

Inventory:

Hand Weapons
 a - a +0 long sword (weapon)
 r - a +2 dagger of draining
Missiles
 v - a tomahawk of returning (quivered)
Armour
 b - a +0 scale mail (worn)
 c - a +0 shield (worn)
 k - a +0 helmet (worn)
 l - a +0 pair of boots (worn)
Scrolls
 e - 3 scrolls of enchant armour {unknown}
 g - 2 scrolls of identify {unknown}
 j - a scroll of fear {unknown}
 o - a scroll of teleportation {unknown}
 q - a scroll of noise {unknown}
 s - a scroll of recharging {unknown}
Potions
 d - a potion of might
 h - a potion of magic {unknown}
 i - 5 potions of curing {unknown}
 n - a potion of heal wounds {unknown}
 t - a potion of cure mutation {unknown}
Comestibles
 f - a bread ration
 m - a royal jelly
 p - 2 fruits
 u - 2 chunks of flesh


   Skills:
 - Level 3.2(2.4) Fighting
 * Level 6.4(5.5) Long Blades
 - Level 3.2(2.4) Armour
 - Level 3.0(2.1) Shields


You had 4 spell levels left.
You didn't know any spells.

Dungeon Overview and Level Annotations

Branches:
Dungeon (3/15)

Altars:

Annotations:
D:3 Duffy's ghost, amateur DECj


Innate Abilities, Weirdness & Mutations

You can swim through water.
You cover ground slowly.
You can hop short distances.


Message History

You are too injured to fight recklessly!
Unknown command.
The kobold throws a stone.
The stone barely misses you.
Duffy's ghost gestures at you while chanting.
The orb of energy hits you!
* * * LOW HITPOINT WARNING * * *
Duffy's ghost screams, "Zot is a myth, the ORB is a fable, you'll soon be a tale!"
You see here a stone.
Duffy's ghost gestures at you while chanting.
The orb of energy misses you.
The orb of energy explodes!
You see here a mace.
The kobold hits you but does no damage.
Duffy's ghost gestures at you while chanting.
The orb of energy hits the kobold.
The kobold dies!
The orb of energy explodes!
The mystic blast hits you!
* * * LOW HITPOINT WARNING * * *
Duffy's ghost casts a spell at you. The orb of energy hits you!
You die...

#...### #((.## ##.(.# ###Z#
.... ##### # #W# #.....
#.... #. #)# ....... #....
#.######.####......##...<
####...)))..#.....>.........
......##.##@#.#......#......
####.....[..#........#..####
###..#.#####>.#.#......)...
#......###.........#...####
##.#.#.....#.####..........
+....#.##..#.####........##
#.## #.##..#.#..#.#.......#
# #)##..................
#.....##..............


You could see Duffy's ghost and a leopard gecko skeleton.

Vanquished Creatures
  An orc wizard (D:3)
  6 adders
  3 gnolls
  2 worms (D:2)
  3 dart slugs
  A leopard gecko (D:1)
  4 orcs (D:3)
  5 giant cockroaches
  5 goblins
  10 hobgoblins
  12 jackals
  4 kobolds
  2 quokkas
  3 ball pythons
  6 bats
  6 frilled lizards
  7 rats
80 creatures vanquished.

Vanquished Creatures (others)
  A kobold (D:3)
1 creature vanquished.

Grand Total: 81 creatures vanquished

Notes
Turn   | Place    | Note
-------+----------+-------------------------------------------
     0 | D:1      | mopl the Barachian Fighter began the quest for the Orb.
     0 | D:1      | Reached XP level 1. HP: 18/18 MP: 1/1
   269 | D:1      | Reached skill level 3 in Long Blades
   269 | D:1      | Reached XP level 2. HP: 24/24 MP: 2/2
   593 | D:1      | Reached XP level 3. HP: 20/29 MP: 3/3
   806 | D:1      | Reached skill level 4 in Long Blades
  1265 | D:1      | HP: 1/29 [poisoned by an adder]
  1752 | D:2      | Reached XP level 4. HP: 35/35 MP: 4/4
  1923 | D:2      | Reached skill level 5 in Long Blades
  2502 | D:2      | Reached XP level 5. HP: 39/41 MP: 5/5
  3039 | D:3      | Reached skill level 6 in Long Blades
  3387 | D:3      | Noticed Duffy's ghost (amateur DECj)
  3399 | D:3      | Killed from afar by Duffy's ghost

Vault maps used:
D:1:      eino_arrival_water_cross
D:3:      kennysheep_generic_room_15, uniq_sigmund

Skill      XL: |  1  2  3  4  5 |
---------------+----------------+-----
Long Blades    | 3 4 5 6 |  6.4
Fighting       | |  3.2
Armour         | |  3.2
Shields        | |  3.0

Action                   |  1- 3 |  4- 6 || total
-------------------------+-------+-------++-------
Melee: Long sword        |   160 |   205 ||   365
  Eat: Chunk             |     3 |     7 ||    10
Armor: Scale mail        |    96 |   107 ||   203
Dodge: Dodged            |    57 |    70 ||   127
Block: Shield            |    96 |    94 ||   190
       Rpst.: Long sword |    19 |    22 ||    41
